 Dungeon Crawl Stone Soup version 0.29.1-15-g9cfb28693d (webtiles) character file.

Game seed: 17934604908908600313

158 Peloso the Covered (level 5, -5/47 HPs)
             Began as a Minotaur Fighter on Mar 3, 2023.
             Killed by divine providence
             ... invoked by an orc priest
              (13 damage)
             ... on level 3 of the Dungeon.
             The game lasted 00:05:28 (2179 turns).

Peloso the Covered (Minotaur Fighter)               Turns: 2179, Time: 00:05:28

Health: -5/47      AC:  9    Str: 21    XL:     5   Next: 16%
Magic:  4/4        EV:  8    Int:  5    God:
Gold:   126        SH:  8    Dex: 11    Spells: 4/4 levels left

rFire   . . .      SeeInvis .   a - +0 long sword
rCold   . . .      Faith    .   d - +0 kite shield
rNeg    . . .      Spirit   .   b - +0 scale mail
rPois   .          Reflect  .   (helmet restricted)
rElec   .          Harm     .   n - +0 cloak
rCorr   .          Rampage  .   c - +0 pair of gloves
Will    .....                   (no boots)
Stlth   ..........              (no amulet)
HPRegen 0.15/turn               (no ring)
MPRegen 0.09/turn               (no ring)

@: no status effects
A: horns 2, retaliatory headbutt
a: no special abilities


You were on level 3 of the Dungeon.
You visited 1 branch of the dungeon, and saw 3 of its levels.

You collected 126 gold pieces.

Inventory:

Hand Weapons
 a - a +0 long sword (weapon)
Armour
 b - a +0 scale mail (worn)
 c - a +0 pair of gloves (worn)
 d - a +0 kite shield (worn)
 n - a +0 cloak (worn)
Scrolls
 e - 5 scrolls of teleportation
 f - a scroll of butterflies {unknown}
 g - a scroll of identify
 i - a scroll of amnesia
 j - a scroll of enchant armour {unknown}
 m - 3 scrolls of fear {unknown}
 o - a scroll of silence {unknown}
Potions
 h - a potion of might
 k - 2 potions of heal wounds
 l - a potion of flight


   Skills:
 + Level 4.3 Fighting
 + Level 4.2 Long Blades
 + Level 4.7 Armour
 + Level 1.3 Dodging
 + Level 4.3 Shields


You had 4 spell levels left.
You didn't know any spells.
Your spell library contained the following spells:

 Spells                   Type           Power      Damage    Failure   Level
 Conjure Flame            Conj/Fire      0%         6-21      100%        3
 Ignite Poison            Fire/Tmut/Pois 0%         N/A       100%        3
 Sticky Flame             Conj/Fire      0%         2d3       100%        4


Dungeon Overview and Level Annotations

Branches:
Dungeon (3/15)

Altars:
Fedhas

Annotations:
D:1 2 runed translucent doors


Innate Abilities, Weirdness & Mutations

You have a pair of horns on your head.
You reflexively headbutt those who attack you in melee.


Message History

The orc is severely wounded.
The orc hits you but does no damage. The orc hits you with a +0 club.
The orc wizard mumbles some strange words.
The orc wizard flickers and vanishes!
Deactivating autopickup; reactivate with Ctrl-A.
The orc priest attacks as you move away!
You block the orc priest's attack. The orc attacks as you move away!
The orc barely misses you. You furiously retaliate!
You headbutt the orc!
You kill the orc!
The orc priest invokes the aid of Beogh against you.
Beogh smites you!
The orc priest hits you with a +0 flail.
You hit the orc priest but do no damage.
The orc priest mumbles some strange prayers to Beogh against you.
Beogh smites you!
You hit the orc priest. Your headbutt misses the orc priest.
The orc priest is lightly wounded.
The orc priest barely misses you.
The orc priest hits you but does no damage.
You hit the orc priest.
The orc priest is moderately wounded.
The orc priest looks encouraged for a moment.
You hit the orc priest but do no damage.
Your headbutt misses the orc priest.
The orc priest is moderately wounded.
You block the orc priest's attack.
You hit the orc priest but do no damage.
Your headbutt misses the orc priest.
The orc priest is moderately wounded.
The orc priest calls down the wrath of Beogh upon you.
Beogh smites you!
* * * LOW HITPOINT WARNING * * *
The orc priest hits you but does no damage.
You hit the orc priest but do no damage.
You headbutt the orc priest.
The orc priest is moderately wounded.
The orc priest calls down the wrath of Beogh upon you.
Beogh smites you!
You die...

##################
#................###
#..........#####...#
#.............@o{).#
#.......#########..#
#......###.........#
#......##..........#
#######..#o..........#
#...†[...#oo.........#
..#####..#oo.........#
. #..##.........##
#.#####..###........#


You could see an orc priest.

Vanquished Creatures
  Terence (D:2)
  An iguana (D:2)
  4 adders
  2 worms
  2 dart slugs (D:1)
  An orc (D:3)
  7 endoplasms
  3 giant cockroaches
  7 goblins
  5 hobgoblins
  6 kobolds
  5 quokkas
  3 ball pythons
  3 bats
  4 frilled lizards
  4 rats
58 creatures vanquished.

Notes
Turn   | Place    | Note
-------+----------+-------------------------------------------
     0 | D:1      | Peloso the Minotaur Fighter began the quest for the Orb.
     0 | D:1      | Reached XP level 1. HP: 19/19 MP: 0/0
    93 | D:1      | Found a large runed translucent door.
    93 | D:1      | Found a large runed translucent door.
    96 | D:1      | Noticed an orc warrior
    96 | D:1      | Noticed an orc priest
    98 | D:1      | Reached XP level 2. HP: 27/27 MP: 1/1
   607 | D:1      | Reached XP level 3. HP: 29/33 MP: 2/2
  1155 | D:2      | Noticed Terence
  1170 | D:2      | Killed Terence
  1387 | D:2      | Reached XP level 4. HP: 39/40 MP: 3/3
  1502 | D:2      | Found a blossoming altar of Fedhas.
  1658 | D:2      | Reached skill level 1 in Dodging
  1983 | D:3      | Reached XP level 5. HP: 41/47 MP: 4/4
  2179 | D:3      | Killed from afar by an orc priest

Illustrated notes

Levels and vault maps discovered:
D:1:      erik_arrival_cave_to_civilisation [erik_arrival_cave_to_temple],
          layout_rooms, nrook_campfire, kennysheep_doodads, minmay_heptomino_w4
D:2:      layout_rooms, basic_altar, minmay_bisected, uniq_terence
D:3:      cheibrodos_pilgrimage, layout_rooms, grunt_ministairs_2

Skill      XL: |  1  2  3  4 |
---------------+-------------+-----
Fighting       | 4 |  4.3
Armour         | 4 |  4.7
Long Blades    | 3 4 |  4.2
Shields        | 4 |  4.3
Dodging        | 1 |  1.3

Action                   |  1- 3 |  4- 6 || total
-------------------------+-------+-------++-------
Melee: Long sword        |    59 |    78 ||   137
       Headbutt          |     9 |    11 ||    20
  Use: Potion            |     1 |       ||     1
       Scroll            |       |     5 ||     5
Armor: Scale mail        |    36 |    33 ||    69
Dodge: Dodged            |    32 |    33 ||    65
Block: Buckler           |    25 |    18 ||    43
       Kite shield       |       |     2 ||     2
